[Event "SixDays Budapest January-GM 2023"]
[Site "Budapest"]
[Date "2023.01.28"]
[Round "9.3"]
[White "Can, Isik"]
[Black "Hacker, Jonas"]
[Result "1-0"]
[ECO "B47"]
[WhiteElo "2488"]
[BlackElo "2446"]
[Annotator "TA"]
[PlyCount "131"]
[EventDate "2023.01.23"]
[EventType "tourn"]
[EventCountry "HUN"]
[SourceTitle "playchess.com"]
[Source "ChessBase"]
[SourceQuality "1"]
[TimeControl "5400+30"]

1. e4 c5 2. Nf3 e6 3. d4 cxd4 4. Nxd4 Nc6 5. Nc3 Qc7 6. f4 a6 7. Nxc6 Qxc6 8. Bd3 b5 9. Qe2 Bb7 10. a3 {[%emt 0:00:34] B47: Sicilian: Taimanov: 5 Nc3 Qc7 6 f4, 6 g3 and 6 Be2.} Bc5 11. Bd2 Ne7 12. O-O-O {[%emt 0:08:07] White has an edge.} O-O 13. h4 $1 {[%emt 0:00:05][%mdl 4] is currently scoring better than 13.Qh5.} (13. Rhe1 {is interesting.} Rac8 14. Qh5 b4 15. axb4 Bxb4 16. Nd5) 13... b4 14. axb4 Bxb4 15. h5 a5 {[%emt 0:10:37] [#]} 16. Rh3 $146 (16. h6 $5 g6 $8 17. Rhe1 $11) ({Predecessor:} 16. h6 g6 17. Qf2 f6 18. Rh3 Ba6 19. Qd4 Bc5 20. Qa4 Rfb8 21. Qxc6 Nxc6 22. Bxa6 Rxa6 {1-0 Adams,M (2692)-Fedorchuk,S (2621) Bundesliga 1920 2019 (9.5)}) 16... a4 {[%emt 0:07:19] Strongly threatening ...a3.} 17. Nb5 Bxd2+ 18. Qxd2 Ba6 19. Qb4 Rab8 20. Rg3 (20. Qxe7 {feels hotter.} Bxb5 21. Rg3 Bxd3 22. Rdxd3 a3 23. b3) 20... Ng6 (20... Rxb5 $2 21. Bxb5 (21. Qxe7 Rxh5 22. Bxa6 Qxa6 $11) 21... Bxb5 22. Qxe7 Qxe4 23. Qf6 $18) (20... Rfe8 $11 21. h6 (21. Qd4 e5 $17) 21... Bxb5 22. Rxg7+ Kh8) 21. hxg6 $18 Bxb5 {[%emt 0:01:32] [#]} 22. gxf7+ $1 $40 {[%emt 0:22:12][%mdl 128] White attacks with force.} Rxf7 {[%emt 0:02:25][%cal Oc6c7] [#]} 23. Rg5 $1 d5 $2 (23... e5 {was worth a try.}) 24. exd5 exd5 {[%emt 0:00:40] [#]} 25. Rxd5 $3 Bxd3 26. Qxb8+ Rf8 {[%emt 0:00:03] [#]} 27. Qxf8+ $3 Kxf8 28. R1xd3 {[%emt 0:00:07][%mdl 4096] Endgame KQ-KRR} (28. R5xd3 Qxg2 29. Rd5 Qg4 $14) 28... Qc4 29. Kb1 h6 30. R5d4 Qb5 31. g3 Kf7 32. Rd7+ Kg6 33. Rc7 Kh5 34. Ka2 ({Inferior is} 34. Rxg7 a3 35. Rb3 (35. Rxa3 Qf1+ 36. Ka2 Qc4+ 37. Rb3 Qa6+ 38. Ra3 Qc4+ 39. Kb1 Qf1+ 40. Ka2 Qc4+ $11) 35... a2+ 36. Ka1 Qf1+ 37. Kxa2 Qa6+ 38. Ra3 Qc4+ 39. Kb1 Qf1+ 40. Ka2 Qc4+ 41. Rb3 (41. Kb1 Qf1+ 42. Ka2 Qc4+ $11) 41... Qa6+ 42. Ra3 Qc4+ $11) 34... g5 35. fxg5 hxg5 (35... Kxg5 36. Rd4 Kg6) 36. Ka3 Kg4 37. Rcc3 Kh3 38. Rd4 Qf1 {[%emt 0:01:31] Wards off Rdc4} 39. Rxa4 {[%emt 0:00:26] Ka2 would be deadly.} Qd1 40. Ka2 Qd2 41. Rac4 Qd6 42. b4 Qa6+ 43. Kb2 Qb5 44. Rd4 Qe5 45. Rcd3 Qe1 46. b5 Qe5 47. c4 Qe1 48. Kb3 {[%emt 0:03:07] aiming for Ka4.} g4 49. c5 Qa5 50. Rb4 {[%emt 0:00:22] Hoping for Rdd4.} Qa1 51. b6 $2 (51. Kc4 $18 {And now b6 would win.} Qc1+ 52. Kd5 Qg5+ 53. Kc6 Qg6+ 54. Rd6 Qe8+ 55. Kb7 Kxg3 56. Rdd4 Qf7+ 57. Kb6) 51... Qb1+ $1 $11 52. Kc3 Qa1+ (52... Qc1+ $11 53. Kb3 Qb1+ 54. Ka4 Qxd3) 53. Kc4 Qa6+ 54. Kd4 {[%emt 0:00:14] Threatening mate with b7.} Qa1+ 55. Kd5 {[%emt 0:00:16] White mates.} Qa2+ 56. Rbb3 Qa4 57. c6 Qa5+ 58. Kd6 Qa8 59. c7 Qe8 60. b7 Qg6+ 61. Kc5 Qf5+ 62. Kb6 Qf2+ 63. Re3 Qf6+ 64. Ka7 Qd4+ 65. Kb8 Qd6 66. Rbd3 {[%emt 0:00:09] A superb game by Can.   Weighted Error Value: White=0.11 (very precise) /Black=0.41} 1-0

[Event "SixDays Budapest January-GM 2023"]
[Site "Budapest"]
[Date "2023.01.28"]
[Round "9.5"]
[White "Berczes, David"]
[Black "Chen, Qi b"]
[Result "1/2-1/2"]
[ECO "D43"]
[WhiteElo "2436"]
[BlackElo "2484"]
[Annotator "TA"]
[PlyCount "37"]
[EventDate "2023.01.23"]
[EventType "tourn"]
[EventCountry "HUN"]
[SourceTitle "playchess.com"]
[Source "ChessBase"]
[SourceQuality "1"]
[TimeControl "5400+30"]

1. c4 e6 2. Nf3 d5 3. d4 Nf6 4. Nc3 c6 5. cxd5 exd5 6. Bg5 Be7 7. e3 Bf5 8. Bd3 Bxd3 9. Qxd3 O-O 10. O-O {[%emt 0:00:23] [#] A rather calm draw.  D35: Queen's Gambit Declined: Exchange Variation.} {Predecessor:} Nbd7 $146 11. Rac1 Ne4 12. Bxe7 Qxe7 13. Qc2 f5 14. Ne2 g5 15. Rce1 Rf6 16. Nd2 Re8 17. Nc1 Rh6 18. Nd3 g4 19. g3 {0-1 Doric,D (2457)-Sanal,V (2595) EU-Cup 37th Mayrhofen 2022 (6.2)} 1/2-1/2